 Dungeon Crawl Stone Soup version 0.17.1-1-g73c8601 (webtiles) character file.

1001 Pan the Poker (level 8, 0/102 HPs)
             Began as a Minotaur Berserker on Jan 6, 2016.
             Was a Priest of Trog.
             Splashed by an oklob plant's acid (16 damage)
             ... on level 5 of the Dungeon.
             The game lasted 00:22:34 (4783 turns).

Pan the Poker (Minotaur Berserker)                  Turns: 4783, Time: 00:22:35

Health: 0/102      AC:  4    Str: 28    XL:     8   Next: 0%
Magic:  7/7        EV: 10    Int:  6    God:    Trog [***...]
Gold:   242        SH:  3    Dex: 16    Spells: 0 memorised, 7 levels left

rFire  . . .     SeeInvis .     C - +1 trident
rCold  . . .     Clarity  .     z - +0 plate armour
rNeg   + . .     SustAt   .     B - +0 buckler
rPois  .         Gourm    .     (helmet restricted)
rElec  .         Spirit   .     (no cloak)
rCorr  .         Warding  +     (no gloves)
rMut   .         Stasis   .     (no boots)
MR     .....                    o - amulet of warding
Stlth  ..........               g - +5 ring of dexterity
                                u - +2 ring of intelligence

@: berserking, corroded equipment, very quick, not resistant to hostile
enchantments, extremely unstealthy
A: retaliatory headbutt, horns 2
a: Berserk, Trog's Hand, Burn Spellbooks, Renounce Religion


You were on level 5 of the Dungeon.
You worshipped Trog.
Trog was most pleased with you.
You were not hungry.

You visited 1 branch of the dungeon, and saw 5 of its levels.

You collected 242 gold pieces.

Inventory:

Hand Weapons
 C - a +1 trident (weapon)
Missiles
 e - 229 stones
 m - 9 tomahawks (quivered)
Armour
 i - a +0 chain mail
 z - a +0 plate armour (worn)
 B - a +0 buckler (worn)
Jewellery
 g - a +5 ring of dexterity (right hand)
 o - an amulet of warding (around neck)
 u - a +2 ring of intelligence (left hand)
Wands
 a - a wand of fire (8)
 v - a wand of random effects (25)
 E - a wand of magic darts (37)
Scrolls
 j - a scroll of identify
 k - 3 scrolls of remove curse
 l - 2 scrolls of magic mapping
 p - a scroll of fear {unknown}
 q - 3 scrolls of amnesia {unknown}
 t - 3 scrolls of enchant weapon
 y - a scroll of enchant armour {unknown}
 A - a scroll of random uselessness {unknown}
Potions
 b - 3 potions of curing
 d - 4 potions of lignification
 h - 2 potions of heal wounds {unknown}
 r - 2 potions of resistance {unknown}
 s - 2 potions of flight
 w - 2 potions of brilliance
 D - a potion of degeneration {unknown}
Comestibles
 c - 2 bread rations
 f - 2 slices of pizza
 n - 2 meat rations
 x - a beef jerky


   Skills:
 + Level 5.2 Fighting
 * Level 7.2 Polearms
 + Level 0.8 Throwing
 + Level 5.9 Armour
 * Level 5.8 Dodging


You had 7 spell levels left.
You didn't know any spells.

Dungeon Overview and Level Annotations

Branches:
Dungeon (5/15)             Temple (0/1) D:4

Altars:
Fedhas
Sif Muna

Annotations:
D:5 exclusion: oklob plant


Innate Abilities, Weirdness & Mutations

You reflexively headbutt those who attack you in melee.
You have a pair of horns on your head.


Message History

The oklob plant is heavily damaged.
You hit the oklob plant but do no damage.
The oklob plant is heavily damaged.
You hit the oklob plant but do no damage.
You headbutt the oklob plant.
The oklob plant is heavily damaged.
The oklob plant spits acid at you. The splash of acid hits you!
The acid corrodes you!
The acid burns!
* * * LOW HITPOINT WARNING * * *
You hit the oklob plant.
You headbutt the oklob plant, but do no damage.
The oklob plant is heavily damaged.
A red film seems to cover your vision as you go berserk!
You feel yourself moving faster!
You feel mighty!
You feel somewhat more hungry. The oklob plant spits acid at you.
The splash of acid hits you!
* * * LOW HITPOINT WARNING * * *
The acid burns!
You die... ..................# ######............# ...# #(...........# ...# #............# ...###[)..........# .....)[)..........# #################### PPP.P#PP#PPPP#PPPPP#

PP..P#PPPP....##@P#P#
PPP........##P%%%%P#
P#P.P##.P.P#PPPPP..#
P##.##.......PPPP#.P#
.PP.#..≈≈.≈≈..P#PPPP#
#PP...≈≈≈.≈≈≈..PPPP##
PPP..≈≈≈≈.≈≈≈≈..PPPP#
PPP.≈≈≈≈≈.≈≈≈≈≈.#P###
PPP.≈≈≈≈...≈≈≈≈.#PP


You could see an oklob plant.

Vanquished Creatures
  The ghost of buria the Chopper, an amateur HOFi of Makhleb (D:4)
  An ogre (D:4)
  A scorpion (D:4)
  A giant frog zombie (D:5)
  A crimson imp (D:5)
  4 orc wizards
  A centaur skeleton (D:4)
  3 iguanas
  2 orc priests (D:5)
  5 worker ants
  A hound zombie (D:5)
  9 adders
  An adder skeleton (D:4)
  3 worms
  2 giant geckos (D:3)
  8 orcs
  A ball python (D:4)
  8 goblins
  11 hobgoblins
  5 jackals
  A quokka (D:2)
  6 bats
  A giant gecko skeleton (D:5)
  A giant gecko zombie (D:5)
  4 giant newts
  10 kobolds
  2 quokka skeletons
  9 rats
  8 fungi (D:5)
  12 plants (D:5)
123 creatures vanquished.

Notes
Turn   | Place    | Note
--------------------------------------------------------------
     0 | D:1      | Pan the Minotaur Berserker began the quest for the Orb.
     0 | D:1      | Reached XP level 1. HP: 19/19 MP: 0/0
   106 | D:1      | Reached skill level 4 in Polearms
   141 | D:1      | Reached XP level 2. HP: 22/27 MP: 1/1
   307 | D:1      | Reached ** piety under Trog
   964 | D:2      | Reached XP level 3. HP: 33/33 MP: 2/2
  1356 | D:2      | Reached skill level 5 in Polearms
  1619 | D:2      | Reached XP level 4. HP: 33/40 MP: 3/3
  1622 | D:2      | Reached *** piety under Trog
  2107 | D:3      | Reached XP level 5. HP: 43/46 MP: 4/4
  2647 | D:4      | Reached skill level 6 in Polearms
  2647 | D:4      | Reached XP level 6. HP: 24/53 MP: 5/5
  2965 | D:4      | Noticed buria's ghost (amateur HOFi)
  2977 | D:4      | Killed buria's ghost
  2977 | D:4      | Reached skill level 5 in Dodging
  2977 | D:4      | Reached XP level 7. HP: 60/60 MP: 6/6
  3038 | D:4      | Found a deep blue altar of Sif Muna.
  3224 | D:4      | Noticed an ogre
  3230 | D:4      | Killed an ogre
  3354 | D:4      | Found a staircase to the Ecumenical Temple.
  3449 | D:4      | Reached skill level 5 in Armour
  3453 | D:4      | Reached skill level 5 in Fighting
  3629 | D:5      | Entered Level 5 of the Dungeon
  3763 | D:5      | Reached skill level 7 in Polearms
  4283 | D:5      | Reached XP level 8. HP: 66/68 MP: 7/7
  4497 | D:5      | Found a blossoming altar of Fedhas.
  4771 | D:5      | Noticed an oklob plant
  4783 | D:5      | Splashed by an oklob plant's acid

Action                   |  1- 3 |  4- 6 |  7- 9 || total
-------------------------+-------+-------+-------++-------
Melee: Spear             |   129 |   122 |    38 ||   289
       Trident           |       |       |   271 ||   271
Throw: Tomahawk          |       |     3 |     1 ||     4
Invok: Berserk           |       |     1 |     3 ||     4
Evoke: Wand              |       |       |     1 ||     1
  Use: Scroll            |     3 |     1 |     5 ||     9
  Eat: Chunk             |     2 |     3 |     4 ||     9
       Bread ration      |       |     1 |     1 ||     2
